Sarnia Sailors vs Tucson Roadrunners
Created - Thursday, November 2, 2023 at 07:34
Goals
|
| Sarnia Sailors |
0 |
0 |
1 |
1 |
| Tucson Roadrunners |
0 |
1 |
2 |
3 |
|
Shots
|
| Sarnia Sailors |
8 |
12 |
4 |
24 |
| Tucson Roadrunners |
17 |
13 |
14 |
44 |
|
1st period
No Goal
Penalties :
Andre Lee (TRR) for Fighting (Major) at 1:16, Daniel Torgersson (SAR) for Fighting (Major) at 1:16, Adam Ginning (SAR) for Roughing (Minor) at 9:37, Cole Reinhardt (SAR) for Hooking (Minor) at 16:12
2nd period
1. Tucson Roadrunners , William Carrier 17 (Fabian Lysell 1) at 6:10
Penalties :
Nicolas Petan (TRR) for Fighting (Major) at 3:14, Jamie Drysdale (SAR) for Fighting (Major) at 3:14, Cole Reinhardt (SAR) for Hooking (Minor) at 7:34, Declan Chisholm (SAR) for Holding (Minor) at 13:57
3rd period
2. Sarnia Sailors , Kevin Stenlund 16 (Robert Hamilton 8) at 3:29
3. Tucson Roadrunners , William Carrier 18 (Radim Simek 10) at 5:02
4. Tucson Roadrunners , Matt Nieto 27 (Mark Jankowski 9) at 19:15
Penalties :
Nick Seeler (TRR) for Fighting (Major) at 5:50, Adam Ginning (SAR) for Fighting (Major) at 5:50, William Carrier (TRR) for Fighting (Major) at 6:26, Keegan Kolesar (SAR) for Fighting (Major) at 6:26, Keegan Kolesar (SAR) for instigated a fight (Minor) at 6:26, Keegan Kolesar (SAR) for instigated a fight (10 Minutes Misconduct) at 6:26
Goalie Stats
Laurent Brossoit (SAR), 41 saves from 44 shots - (0.932), L, 21-2-3, 60:00 minutes
Jaroslav Halak (TRR), 23 saves from 24 shots - (0.958), W, 13-5-3, 60:00 minutes
Players Stats for Sarnia Sailors
Player Name G A P +/- PIM S H SB GA TA FO MP PP MP PK MP
------------------------------------------------------------------------------------
Adam Erne 0 0 0 0 0 8 0 1 1 0 0/0 19:50 0:00 4:55
Adam Ginning 0 0 0 -2 7 2 3 1 0 1 0/0 20:33 0:00 3:41
Brad Lambert 0 0 0 0 0 0 4 0 0 0 0/0 10:50 0:00 0:00
Cole Reinhardt 0 0 0 -2 4 0 0 1 0 1 0/1 13:31 0:00 1:14
Daniel Torgersson 0 0 0 0 5 0 0 1 1 0 0/0 9:12 0:00 0:00
Declan Chisholm 0 0 0 0 2 1 1 0 1 0 0/0 21:01 0:00 2:32
Dominic Toninato 0 0 0 -1 0 2 0 2 0 1 1/4 13:24 0:00 2:22
Jack Rathbone 0 0 0 -1 0 1 1 1 0 3 0/0 24:47 0:00 6:10
Jamie Drysdale 0 0 0 -2 5 2 2 0 0 1 0/0 16:55 0:00 2:15
Jesse Puljujarvi 0 0 0 0 0 4 2 1 1 0 0/0 14:02 0:00 0:00
Keegan Kolesar 0 0 0 0 17 0 3 0 0 1 0/1 14:52 0:00 2:32
Kevin Stenlund 1 0 1 0 0 2 3 0 1 0 12/26 20:29 0:00 4:55
Laurent Dauphin 0 0 0 0 0 1 0 0 1 0 1/2 13:09 0:00 3:14
Lucas Edmonds 0 0 0 -1 0 0 0 0 0 0 0/1 11:23 0:00 0:00
Robert Hamilton 0 1 1 1 0 0 2 2 0 2 0/0 17:41 0:00 3:27
Tristen Nielsen 0 0 0 -1 0 0 2 0 0 0 7/14 14:12 0:00 0:00
Vasily Podkolzin 0 0 0 -1 0 1 0 0 1 0 0/3 15:38 0:00 0:38
Zach Uens 0 0 0 0 0 0 1 0 0 2 0/0 18:39 0:00 1:56
Players Stats for Tucson Roadrunners
Player Name G A P +/- PIM S H SB GA TA FO MP PP MP PK MP
------------------------------------------------------------------------------------
Alex Belzile 0 0 0 0 0 0 1 0 0 1 6/12 14:57 1:17 0:00
Andre Lee 0 0 0 0 5 1 2 0 0 0 0/0 8:06 0:00 0:00
Anthony Richard 0 0 0 -1 0 0 2 1 1 1 0/0 19:58 4:30 0:00
Benjamin Jones 0 0 0 0 0 1 0 2 1 0 1/4 9:50 0:00 0:00
Fabian Lysell 0 1 1 0 0 2 2 0 0 1 0/0 9:44 0:11 0:00
Johnathan Kovacevic 0 0 0 1 0 1 1 0 0 0 0/0 26:06 4:58 0:00
Logan Shaw 0 0 0 -1 0 7 2 0 2 1 0/0 20:07 4:39 0:00
Marian Studenic 0 0 0 0 0 1 0 0 1 0 0/0 11:53 0:05 0:00
Mark Jankowski 0 1 1 3 0 2 2 0 0 1 13/20 18:20 4:54 0:00
Matt Nieto 1 0 1 3 0 9 1 0 1 0 0/0 18:38 4:59 0:00
Mikhail Maltsev 0 0 0 0 0 3 1 0 0 0 0/0 12:49 0:44 0:00
Nick Seeler 0 0 0 0 5 2 2 1 0 1 0/0 18:33 4:04 0:00
Nicolas Petan 0 0 0 -1 5 6 4 0 3 0 11/14 19:15 4:25 0:00
Radim Simek 0 1 1 0 0 1 0 3 1 0 0/0 20:10 4:57 0:00
Robert Hagg 0 0 0 1 0 1 3 2 1 0 0/0 26:04 4:58 0:00
Ronan Seeley 0 0 0 1 0 1 1 0 1 0 0/0 14:36 0:45 0:00
Samuel Knazko 0 0 0 1 0 0 3 0 0 1 0/0 14:13 0:08 0:00
William Carrier 2 0 2 3 5 6 4 0 0 0 0/2 16:37 4:01 0:00
3 Stars
1 - William Carrier (TRR)
2 - Matt Nieto (TRR)
3 - Mark Jankowski (TRR)
Power Play
Sarnia Sailors - 0 on 0 Attempt(s) - 0.00%
Tucson Roadrunners - 0 on 5 Attempt(s) - 0.00%
Penalty Kill
Sarnia Sailors - 5 on 5 Attempt(s) - 100.00%
- Score 0 goal in Penalty Kill
Tucson Roadrunners - 0 on 0 Attempt(s) - 0.00%
- Score 0 goal in Penalty Kill
Team Stat
Sarnia Sailors - Hits : 24 - Faceoff Wins : 21 - Blocked Shots : 10 - Penalty Minutes : 40
Tucson Roadrunners - Hits : 31 - Faceoff Wins : 31 - Blocked Shots : 9 - Penalty Minutes : 20
Official
Referees : Steve Kozari and Jean Hebert
Linesman : Thor Nelson and Steve Barton
Game Notes
Andre Lee and Daniel Torgersson fight to a draw at 1:16 of 1st period
Nicolas Petan beats up Jamie Drysdale at 3:14 of 2nd period
Adam Ginning beats up Nick Seeler at 5:50 of 3rd period
William Carrier and Keegan Kolesar fight to a draw at 6:26 of 3rd period
Sarnia Sailors
5 vs 5 Forward
Center Left Wing Right Wing Time % Phy DF OF
1 Kevin Stenlund Vasily Podkolzin Keegan Kolesar 40 2 1 2
2 Tristen Nielsen Adam Erne Jesse Puljujarvi 30 2 1 2
3 Dominic Toninato Cole Reinhardt Lucas Edmonds 20 1 2 2
4 Laurent Dauphin Daniel Torgersson Brad Lambert 10 2 1 2
5 vs 5 Defense
Defense Defense Time % Phy DF OF
1 Declan Chisholm Jack Rathbone 40 1 2 2
2 Jamie Drysdale Adam Ginning 30 2 1 2
3 Zach Uens Robert Hamilton 20 2 2 1
4 Adam Ginning Jack Rathbone 10 1 2 2
PowerPlay Forward
Center Left Wing Right Wing Time % Phy DF OF
1 Tristen Nielsen Vasily Podkolzin Keegan Kolesar 60 2 1 2
2 Kevin Stenlund Cole Reinhardt Jesse Puljujarvi 40 1 1 3
PowerPlay Defense
Defense Defense Time % Phy DF OF
1 Jamie Drysdale Jack Rathbone 60 1 1 3
2 Adam Ginning Brad Lambert 40 2 1 2
Penalty Kill 4 Players Forward
Center Wing Time % Phy DF OF
1 Kevin Stenlund Adam Erne 60 2 2 1
2 Laurent Dauphin Keegan Kolesar 40 2 2 1
Penalty Kill 4 Players Defense
Defense Defense Time % Phy DF OF
1 Adam Ginning Jack Rathbone 60 2 1 2
2 Declan Chisholm Robert Hamilton 40 2 2 1
Penalty Kill - 3 Players Forward
Forward Time % Phy DF OF
1 Kevin Stenlund 60 2 2 1
2 Tristen Nielsen 40 2 2 1
Penalty Kill - 3 Players Defense
Defense Defense Time % Phy DF OF
1 Adam Ginning Jack Rathbone 60 2 1 2
2 Declan Chisholm Robert Hamilton 40 2 2 1
4 vs 4 Forward
Center Wing Time % Phy DF OF
1 Kevin Stenlund Keegan Kolesar 60 2 1 2
2 Tristen Nielsen Vasily Podkolzin 40 2 1 2
4 vs 4 Defense
Defense Defense Time % Phy DF OF
1 Declan Chisholm Jack Rathbone 60 1 2 2
2 Jamie Drysdale Robert Hamilton 40 2 1 2
Last Minutes Offensive
Center Left Wing Right Wing Defense Defense
Tristen Nielsen Vasily Podkolzin Keegan Kolesar Jamie Drysdale Jack Rathbone
Last Minutes Defensive
Center Left Wing Right Wing Defense Defense
Kevin Stenlund Adam Erne Tristen Nielsen Adam Ginning Jack Rathbone
Goaltenders
Starting : Laurent Brossoit
Backup : Remi Poirier
Extra Forwards
Normal : Brad Lambert, Cole Reinhardt, Lucas Edmonds - PP : Brad Lambert, Cole Reinhardt - PK : Dominic Toninato
Extra Defensemen
Normal : Zach Uens, Jamie Drysdale, Adam Ginning - PP : Robert Hamilton - PK : Zach Uens, Jamie Drysdale
Penalty Shots
Tristen Nielsen, Vasily Podkolzin, Keegan Kolesar, Kevin Stenlund, Cole Reinhardt
Tucson Roadrunners
5 vs 5 Forward
Center Left Wing Right Wing Time % Phy DF OF
1 Mark Jankowski William Carrier Matt Nieto 30 1 2 2
2 Nicolas Petan Anthony Richard Logan Shaw 30 1 2 2
3 Alex Belzile Mikhail Maltsev Marian Studenic 25 1 2 2
4 Benjamin Jones Andre Lee Fabian Lysell 15 1 2 2
5 vs 5 Defense
Defense Defense Time % Phy DF OF
1 Johnathan Kovacevic Robert Hagg 30 1 2 2
2 Radim Simek Nick Seeler 30 1 2 2
3 Ronan Seeley Samuel Knazko 25 1 2 2
4 Johnathan Kovacevic Robert Hagg 15 1 2 2
PowerPlay Forward
Center Left Wing Right Wing Time % Phy DF OF
1 Mark Jankowski William Carrier Matt Nieto 50 1 2 2
2 Nicolas Petan Anthony Richard Logan Shaw 50 1 2 2
PowerPlay Defense
Defense Defense Time % Phy DF OF
1 Johnathan Kovacevic Robert Hagg 50 1 2 2
2 Radim Simek Nick Seeler 50 1 2 2
Penalty Kill 4 Players Forward
Center Wing Time % Phy DF OF
1 William Carrier Matt Nieto 50 1 2 2
2 Mark Jankowski Nicolas Petan 50 1 2 2
Penalty Kill 4 Players Defense
Defense Defense Time % Phy DF OF
1 Johnathan Kovacevic Robert Hagg 50 1 2 2
2 Radim Simek Nick Seeler 50 1 2 2
Penalty Kill - 3 Players Forward
Forward Time % Phy DF OF
1 William Carrier 50 1 2 2
2 Matt Nieto 50 1 2 2
Penalty Kill - 3 Players Defense
Defense Defense Time % Phy DF OF
1 Johnathan Kovacevic Robert Hagg 50 1 2 2
2 Radim Simek Nick Seeler 50 1 2 2
4 vs 4 Forward
Center Wing Time % Phy DF OF
1 William Carrier Matt Nieto 50 1 2 2
2 Mark Jankowski Nicolas Petan 50 1 2 2
4 vs 4 Defense
Defense Defense Time % Phy DF OF
1 Johnathan Kovacevic Robert Hagg 50 1 2 2
2 Radim Simek Nick Seeler 50 1 2 2
Last Minutes Offensive
Center Left Wing Right Wing Defense Defense
Mark Jankowski William Carrier Matt Nieto Johnathan Kovacevic Robert Hagg
Last Minutes Defensive
Center Left Wing Right Wing Defense Defense
Mark Jankowski William Carrier Matt Nieto Johnathan Kovacevic Robert Hagg
Goaltenders
Starting : Jaroslav Halak
Backup : Kaapo Kahkonen
Extra Forwards
Normal : Alex Belzile, Mikhail Maltsev, Benjamin Jones - PP : Alex Belzile, Mikhail Maltsev - PK : Benjamin Jones
Extra Defensemen
Normal : Ronan Seeley, Samuel Knazko, Radim Simek - PP : Ronan Seeley - PK : Samuel Knazko, Radim Simek
Penalty Shots
William Carrier, Matt Nieto, Mark Jankowski, Nicolas Petan, Logan Shaw
% Time on Ice - Sarnia Sailors
Lines # - Real PCT - Wanted PCT - Time Play
Normal Forward
1 - 32% - 40% - 15:54
2 - 28% - 30% - 13:56
3 - 20% - 20% - 9:51
4 - 21% - 10% - 10:14
Normal Defense
1 - 37% - 40% - 18:38
2 - 29% - 30% - 14:40
3 - 27% - 20% - 13:28
4 - 6% - 10% - 3:09
PP Forward
1 - 0% - 60%
2 - 0% - 40%
PP Defense
1 - 0% - 60%
2 - 0% - 40%
PK Forward
1 - 67% - 60% - 6:41
2 - 33% - 40% - 3:14
PK Defense
1 - 65% - 60% - 6:24
2 - 35% - 40% - 3:31
PK3 Forward
1 - 0% - 60%
2 - 0% - 40%
PK3 Defense
1 - 0% - 60%
2 - 0% - 40%
44 Forward
1 - 0% - 60%
2 - 0% - 40%
44 Defense
1 - 0% - 60%
2 - 0% - 40%
Last Minute Offensive - 0:10
Last Minute Defensive - 0:00
Total
Forward - 60:00
Defense - 60:00
|
% Time on Ice - Tucson Roadrunners
Lines # - Real PCT - Wanted PCT - Time Play
Normal Forward
1 - 26% - 30% - 13:07
2 - 31% - 30% - 15:43
3 - 23% - 25% - 11:39
4 - 19% - 15% - 9:26
Normal Defense
1 - 30% - 30% - 15:11
2 - 35% - 30% - 17:16
3 - 25% - 25% - 12:30
4 - 10% - 15% - 4:58
PP Forward
1 - 52% - 50% - 5:10
2 - 48% - 50% - 4:45
PP Defense
1 - 50% - 50% - 4:58
2 - 50% - 50% - 4:57
PK Forward
1 - 0% - 50%
2 - 0% - 50%
PK Defense
1 - 0% - 50%
2 - 0% - 50%
PK3 Forward
1 - 0% - 50%
2 - 0% - 50%
PK3 Defense
1 - 0% - 50%
2 - 0% - 50%
44 Forward
1 - 0% - 50%
2 - 0% - 50%
44 Defense
1 - 0% - 50%
2 - 0% - 50%
Last Minute Offensive - 0:00
Last Minute Defensive - 0:10
Total
Forward - 60:00
Defense - 60:00
|
Play-by-Play
1st period
0:01 of 1st period - Mark Jankowski wins face-off versus Kevin Stenlund in neutral zone.
0:49 of 1st period - Slapshot by Adam Erne.
0:49 of 1st period - Stopped by Jaroslav Halak with a rebound.
1:14 of 1st period - Snap shot by Benjamin Jones.
1:14 of 1st period - Deflect By Fabian Lysell.
1:14 of 1st period - Deflect By Laurent Dauphin.
1:14 of 1st period - Shot Blocked by Daniel Torgersson.
1:14 of 1st period - Puck is out of play.
1:15 of 1st period - Laurent Dauphin wins face-off versus Benjamin Jones in Sarnia Sailors zone.
1:15 of 1st period - Laurent Dauphin is hit by Andre Lee.
1:16 of 1st period - Andre Lee and Daniel Torgersson fight to a draw.
1:16 of 1st period - Penalty to Andre Lee for Fighting.
1:16 of 1st period - Penalty to Daniel Torgersson for Fighting.
1:17 of 1st period - Nicolas Petan wins face-off versus Vasily Podkolzin in Sarnia Sailors zone.
1:28 of 1st period - Wrist shot by Anthony Richard.
1:28 of 1st period - Deflect By Nicolas Petan.
1:28 of 1st period - Stopped by Laurent Brossoit with a rebound.
1:30 of 1st period - Slapshot by Ronan Seeley.
1:30 of 1st period - Stopped by Laurent Brossoit without a rebound.
1:31 of 1st period - Tristen Nielsen wins face-off versus Benjamin Jones in Sarnia Sailors zone.
1:48 of 1st period - Adam Erne is hit by Fabian Lysell and loses puck.
2:01 of 1st period - Adam Erne is hit by Anthony Richard and loses puck.
2:23 of 1st period - Snap shot by Jesse Puljujarvi.
2:23 of 1st period - Stopped by Jaroslav Halak with a rebound.
2:25 of 1st period - Backhand shot by Adam Ginning.
2:25 of 1st period - Stopped by Jaroslav Halak with a rebound.
2:27 of 1st period - Slapshot by Adam Ginning.
2:27 of 1st period - Shot Misses the Net.
2:29 of 1st period - Snap shot by Adam Erne.
2:29 of 1st period - Stopped by Jaroslav Halak with a rebound.
2:31 of 1st period - Snap shot by Tristen Nielsen.
2:31 of 1st period - Shot Misses the Net.
3:09 of 1st period - Wrist shot by Jesse Puljujarvi.
3:09 of 1st period - Shot Misses the Net.
3:11 of 1st period - Snap shot by Adam Erne.
3:11 of 1st period - Shot Misses the Net.
3:13 of 1st period - Slapshot by Jamie Drysdale.
3:13 of 1st period - Stopped by Jaroslav Halak with a rebound.
3:23 of 1st period - Wrist shot by Adam Erne.
3:23 of 1st period - Stopped by Jaroslav Halak without a rebound.
3:24 of 1st period - Kevin Stenlund wins face-off versus Mark Jankowski in Tucson Roadrunners zone.
3:51 of 1st period - Alex Belzile is hit by Robert Hamilton and loses puck.
4:08 of 1st period - Slapshot by Benjamin Jones.
4:08 of 1st period - Shot Blocked by Dominic Toninato.
4:10 of 1st period - Slapshot by Radim Simek.
4:10 of 1st period - Shot Misses the Net.
4:12 of 1st period - Snap shot by Matt Nieto.
4:12 of 1st period - Shot Blocked by Robert Hamilton.
4:47 of 1st period - Benjamin Jones is hit by Kevin Stenlund and loses puck.
8:37 of 1st period - Laurent Dauphin is hit by William Carrier and loses puck.
8:52 of 1st period - Tristen Nielsen is hit by Andre Lee and loses puck.
9:11 of 1st period - Lucas Edmonds is hit by Nicolas Petan and loses puck.
9:37 of 1st period - Minor Penalty to Adam Ginning for Roughing.
9:38 of 1st period - Kevin Stenlund wins face-off versus William Carrier in Sarnia Sailors zone.
11:37 of 1st period - Penalty to Adam Ginning is over, Adam Ginning is back on ice.
11:52 of 1st period - Robert Hagg is hit by Brad Lambert and loses puck.
11:59 of 1st period - Laurent Dauphin is hit by Samuel Knazko and loses puck.
12:12 of 1st period - Fabian Lysell is hit by Keegan Kolesar and loses puck.
12:37 of 1st period - Kevin Stenlund is hit by Nick Seeler and loses puck.
13:17 of 1st period - Samuel Knazko is hit by Brad Lambert and loses puck.
13:51 of 1st period - Snap shot by Dominic Toninato.
13:51 of 1st period - Stopped by Jaroslav Halak without a rebound.
13:52 of 1st period - Mark Jankowski wins face-off versus Tristen Nielsen in Tucson Roadrunners zone.
13:59 of 1st period - Wrist shot by Matt Nieto.
13:59 of 1st period - Stopped by Laurent Brossoit without a rebound.
14:00 of 1st period - Tristen Nielsen wins face-off versus Mark Jankowski in Sarnia Sailors zone.
14:20 of 1st period - Snap shot by William Carrier.
14:20 of 1st period - Deflect By Mark Jankowski.
14:20 of 1st period - Stopped by Laurent Brossoit with a rebound.
14:22 of 1st period - Snap shot by Robert Hagg.
14:22 of 1st period - Stopped by Laurent Brossoit with a rebound.
14:30 of 1st period - Wrist shot by William Carrier.
14:30 of 1st period - Stopped by Laurent Brossoit with a rebound.
14:32 of 1st period - Slapshot by Nick Seeler.
14:32 of 1st period - Shot Misses the Net.
14:36 of 1st period - Slapshot by William Carrier.
14:36 of 1st period - Shot Misses the Net.
14:38 of 1st period - Snap shot by Nick Seeler.
14:38 of 1st period - Deflect By Jamie Drysdale.
14:38 of 1st period - Stopped by Laurent Brossoit with a rebound.
14:40 of 1st period - Slapshot by Radim Simek.
14:40 of 1st period - Shot Blocked by Adam Ginning.
14:46 of 1st period - Wrist shot by Matt Nieto.
14:46 of 1st period - Shot Misses the Net.
14:50 of 1st period - Slapshot by Matt Nieto.
14:50 of 1st period - Stopped by Laurent Brossoit without a rebound.
14:51 of 1st period - Nicolas Petan wins face-off versus Kevin Stenlund in Sarnia Sailors zone.
14:54 of 1st period - Snap shot by Logan Shaw.
14:54 of 1st period - Stopped by Laurent Brossoit with a rebound.
15:05 of 1st period - Icing by Nicolas Petan.
15:06 of 1st period - Nicolas Petan wins face-off versus Kevin Stenlund in Tucson Roadrunners zone.
15:13 of 1st period - Wrist shot by Logan Shaw.
15:13 of 1st period - Stopped by Laurent Brossoit with a rebound.
15:15 of 1st period - Wrist shot by Logan Shaw.
15:15 of 1st period - Stopped by Laurent Brossoit with a rebound.
15:21 of 1st period - Snap shot by Nicolas Petan.
15:21 of 1st period - Stopped by Laurent Brossoit without a rebound.
15:22 of 1st period - Mark Jankowski wins face-off versus Cole Reinhardt in Sarnia Sailors zone.
15:29 of 1st period - Slapshot by Matt Nieto.
15:29 of 1st period - Stopped by Laurent Brossoit with a rebound.
15:31 of 1st period - Slapshot by Mark Jankowski.
15:31 of 1st period - Shot Misses the Net.
15:33 of 1st period - Snap shot by William Carrier.
15:33 of 1st period - Deflect By Mark Jankowski.
15:33 of 1st period - Stopped by Laurent Brossoit with a rebound.
15:35 of 1st period - Slapshot by Johnathan Kovacevic.
15:35 of 1st period - Stopped by Laurent Brossoit with a rebound.
15:37 of 1st period - Snap shot by William Carrier.
15:37 of 1st period - Deflect By Mark Jankowski.
15:37 of 1st period - Shot Blocked by Cole Reinhardt.
15:37 of 1st period - Puck is out of play.
15:38 of 1st period - Kevin Stenlund wins face-off versus Alex Belzile in Sarnia Sailors zone.
15:47 of 1st period - Snap shot by Kevin Stenlund.
15:47 of 1st period - Shot Misses the Net.
16:10 of 1st period - Wrist shot by Matt Nieto.
16:10 of 1st period - Stopped by Laurent Brossoit with a rebound.
16:12 of 1st period - Minor Penalty to Cole Reinhardt for Hooking.
16:13 of 1st period - Kevin Stenlund wins face-off versus Nicolas Petan in Sarnia Sailors zone.
16:24 of 1st period - Adam Ginning is hit by Nick Seeler and loses puck.
17:22 of 1st period - Adam Erne is hit by William Carrier and loses puck.
17:45 of 1st period - Mark Jankowski is hit by Adam Ginning and loses puck.
17:52 of 1st period - Jack Rathbone is hit by Robert Hagg and loses puck.
18:12 of 1st period - Penalty to Cole Reinhardt is over, Cole Reinhardt is back on ice.
18:19 of 1st period - Snap shot by Benjamin Jones.
18:19 of 1st period - Stopped by Laurent Brossoit with a rebound.
18:37 of 1st period - Slapshot by Jack Rathbone.
18:37 of 1st period - Stopped by Jaroslav Halak with a rebound.
18:52 of 1st period - Off-side.
18:53 of 1st period - Benjamin Jones wins face-off versus Laurent Dauphin in neutral zone.
19:04 of 1st period - Snap shot by Daniel Torgersson.
19:04 of 1st period - Shot Misses the Net.
19:22 of 1st period - Off-side.
19:23 of 1st period - Nicolas Petan wins face-off versus Kevin Stenlund in neutral zone.
Goals for this period are 0 for Sarnia Sailors vs 0 for Tucson Roadrunners.
Shots for this period are 8 for Sarnia Sailors vs 17 for Tucson Roadrunners.
2nd period
0:01 of 2nd period - Kevin Stenlund wins face-off versus Mark Jankowski in neutral zone.
0:14 of 2nd period - Snap shot by William Carrier.
0:14 of 2nd period - Stopped by Laurent Brossoit without a rebound.
0:15 of 2nd period - Tristen Nielsen wins face-off versus Nicolas Petan in Sarnia Sailors zone.
0:28 of 2nd period - Nicolas Petan is hit by Tristen Nielsen and loses puck.
1:15 of 2nd period - Slapshot by William Carrier.
1:15 of 2nd period - Shot Misses the Net.
1:17 of 2nd period - Wrist shot by William Carrier.
1:17 of 2nd period - Shot Blocked by Dominic Toninato.
1:50 of 2nd period - Snap shot by Adam Erne.
1:50 of 2nd period - Shot Misses the Net.
1:52 of 2nd period - Slapshot by Adam Erne.
1:52 of 2nd period - Stopped by Jaroslav Halak with a rebound.
2:17 of 2nd period - Snap shot by Alex Belzile.
2:17 of 2nd period - Shot Blocked by Robert Hamilton.
2:19 of 2nd period - Wrist shot by Radim Simek.
2:19 of 2nd period - Stopped by Laurent Brossoit with a rebound.
2:21 of 2nd period - Snap shot by Mikhail Maltsev.
2:21 of 2nd period - Stopped by Laurent Brossoit with a rebound.
2:37 of 2nd period - Snap shot by Dominic Toninato.
2:37 of 2nd period - Stopped by Jaroslav Halak without a rebound.
2:38 of 2nd period - Mark Jankowski wins face-off versus Tristen Nielsen in Tucson Roadrunners zone.
2:53 of 2nd period - Wrist shot by Matt Nieto.
2:53 of 2nd period - Shot Blocked by Jesse Puljujarvi.
3:05 of 2nd period - Snap shot by Kevin Stenlund.
3:05 of 2nd period - Stopped by Jaroslav Halak without a rebound.
3:06 of 2nd period - Nicolas Petan wins face-off versus Keegan Kolesar in Tucson Roadrunners zone.
3:14 of 2nd period - Nicolas Petan beats up Jamie Drysdale.
3:14 of 2nd period - Penalty to Nicolas Petan for Fighting.
3:14 of 2nd period - Penalty to Jamie Drysdale for Fighting.
3:15 of 2nd period - Mark Jankowski wins face-off versus Kevin Stenlund in Tucson Roadrunners zone.
3:52 of 2nd period - Wrist shot by Logan Shaw.
3:52 of 2nd period - Shot Misses the Net.
4:08 of 2nd period - Wrist shot by Cole Reinhardt.
4:08 of 2nd period - Shot Misses the Net.
4:30 of 2nd period - Wrist shot by Marian Studenic.
4:30 of 2nd period - Stopped by Laurent Brossoit with a rebound.
4:32 of 2nd period - Snap shot by Alex Belzile.
4:32 of 2nd period - Shot Misses the Net.
4:34 of 2nd period - Snap shot by Mikhail Maltsev.
4:34 of 2nd period - Stopped by Laurent Brossoit without a rebound.
4:35 of 2nd period - Kevin Stenlund wins face-off versus Alex Belzile in Sarnia Sailors zone.
4:56 of 2nd period - Wrist shot by Adam Erne.
4:56 of 2nd period - Stopped by Jaroslav Halak with a rebound.
4:58 of 2nd period - Slapshot by Adam Erne.
4:58 of 2nd period - Stopped by Jaroslav Halak without a rebound.
4:59 of 2nd period - Mark Jankowski wins face-off versus Tristen Nielsen in Tucson Roadrunners zone.
5:04 of 2nd period - Zach Uens is hit by Mark Jankowski and loses puck.
5:11 of 2nd period - Samuel Knazko is hit by Zach Uens and loses puck.
5:57 of 2nd period - Adam Ginning is hit by Samuel Knazko and loses puck.
6:10 of 2nd period - Wrist shot by William Carrier.
6:10 of 2nd period - Goal by William Carrier - Sarnia Sailors : 0 - Tucson Roadrunners : 1.
6:11 of 2nd period - Kevin Stenlund wins face-off versus Alex Belzile in neutral zone.
6:14 of 2nd period - Wrist shot by Jack Rathbone.
6:14 of 2nd period - Shot Misses the Net.
6:43 of 2nd period - Slapshot by Robert Hagg.
6:43 of 2nd period - Shot Blocked by Adam Erne.
6:45 of 2nd period - Wrist shot by Matt Nieto.
6:45 of 2nd period - Stopped by Laurent Brossoit without a rebound.
6:46 of 2nd period - Alex Belzile wins face-off versus Kevin Stenlund in Sarnia Sailors zone.
6:49 of 2nd period - Snap shot by Logan Shaw.
6:49 of 2nd period - Stopped by Laurent Brossoit with a rebound.
6:57 of 2nd period - Wrist shot by Vasily Podkolzin.
6:57 of 2nd period - Stopped by Jaroslav Halak without a rebound.
6:58 of 2nd period - Alex Belzile wins face-off versus Vasily Podkolzin in Tucson Roadrunners zone.
6:58 of 2nd period - Alex Belzile is hit by Keegan Kolesar.
7:34 of 2nd period - Minor Penalty to Cole Reinhardt for Hooking.
7:35 of 2nd period - Kevin Stenlund wins face-off versus Alex Belzile in Sarnia Sailors zone.
7:47 of 2nd period - Slapshot by Kevin Stenlund.
7:47 of 2nd period - Shot Misses the Net.
7:59 of 2nd period - Radim Simek is hit by Adam Ginning and loses puck.
8:14 of 2nd period - Penalty to Jamie Drysdale is over, Jamie Drysdale is back on ice.
8:48 of 2nd period - Robert Hagg is hit by Robert Hamilton.
9:00 of 2nd period - Nick Seeler is hit by Adam Ginning and loses puck.
9:34 of 2nd period - Penalty to Cole Reinhardt is over, Cole Reinhardt is back on ice.
10:01 of 2nd period - Wrist shot by Fabian Lysell.
10:01 of 2nd period - Stopped by Laurent Brossoit without a rebound.
10:02 of 2nd period - Dominic Toninato wins face-off versus Benjamin Jones in Sarnia Sailors zone.
10:26 of 2nd period - Radim Simek is hit by Jamie Drysdale and loses puck.
10:31 of 2nd period - Snap shot by Jesse Puljujarvi.
10:31 of 2nd period - Stopped by Jaroslav Halak without a rebound.
10:32 of 2nd period - Nicolas Petan wins face-off versus Tristen Nielsen in Tucson Roadrunners zone.
11:06 of 2nd period - Snap shot by Matt Nieto.
11:06 of 2nd period - Stopped by Laurent Brossoit without a rebound.
11:07 of 2nd period - Kevin Stenlund wins face-off versus Nicolas Petan in Sarnia Sailors zone.
11:07 of 2nd period - Kevin Stenlund is hit by Logan Shaw.
11:32 of 2nd period - Zach Uens is hit by William Carrier and loses puck.
11:39 of 2nd period - Snap shot by Matt Nieto.
11:39 of 2nd period - Stopped by Laurent Brossoit with a rebound.
11:41 of 2nd period - Slapshot by Samuel Knazko.
11:41 of 2nd period - Shot Misses the Net.
11:51 of 2nd period - Zach Uens is hit by Ronan Seeley and loses puck.
12:40 of 2nd period - Wrist shot by Keegan Kolesar.
12:40 of 2nd period - Shot Blocked by Anthony Richard.
12:42 of 2nd period - Snap shot by Vasily Podkolzin.
12:42 of 2nd period - Shot Blocked by Robert Hagg.
12:58 of 2nd period - Slapshot by Logan Shaw.
12:58 of 2nd period - Stopped by Laurent Brossoit with a rebound.
13:04 of 2nd period - Wrist shot by Keegan Kolesar.
13:04 of 2nd period - Shot Misses the Net.
13:06 of 2nd period - Backhand shot by Declan Chisholm.
13:06 of 2nd period - Stopped by Jaroslav Halak without a rebound.
13:07 of 2nd period - Tristen Nielsen wins face-off versus Mark Jankowski in Tucson Roadrunners zone.
13:10 of 2nd period - Wrist shot by Adam Erne.
13:10 of 2nd period - Stopped by Jaroslav Halak with a rebound.
13:12 of 2nd period - Snap shot by Jesse Puljujarvi.
13:12 of 2nd period - Stopped by Jaroslav Halak with a rebound.
13:16 of 2nd period - Wrist shot by Jesse Puljujarvi.
13:16 of 2nd period - Deflect By Adam Erne.
13:16 of 2nd period - Shot Misses the Net.
13:16 of 2nd period - Puck is out of play.
13:17 of 2nd period - Tristen Nielsen wins face-off versus Mark Jankowski in Tucson Roadrunners zone.
13:31 of 2nd period - Wrist shot by Adam Erne.
13:31 of 2nd period - Shot Blocked by Radim Simek.
13:33 of 2nd period - Snap shot by Adam Ginning.
13:33 of 2nd period - Deflect By Matt Nieto.
13:33 of 2nd period - Stopped by Jaroslav Halak without a rebound.
13:34 of 2nd period - Nicolas Petan wins face-off versus Dominic Toninato in Tucson Roadrunners zone.
13:57 of 2nd period - Minor Penalty to Declan Chisholm for Holding.
13:58 of 2nd period - Nicolas Petan wins face-off versus Kevin Stenlund in Sarnia Sailors zone.
14:55 of 2nd period - Johnathan Kovacevic is hit by Kevin Stenlund and loses puck.
15:57 of 2nd period - Penalty to Declan Chisholm is over, Declan Chisholm is back on ice.
16:06 of 2nd period - Icing by Kevin Stenlund.
16:07 of 2nd period - Alex Belzile wins face-off versus Kevin Stenlund in Sarnia Sailors zone.
16:24 of 2nd period - Mikhail Maltsev is hit by Kevin Stenlund and loses puck.
16:29 of 2nd period - Backhand shot by Jamie Drysdale.
16:29 of 2nd period - Stopped by Jaroslav Halak with a rebound.
16:31 of 2nd period - Slapshot by Adam Ginning.
16:31 of 2nd period - Shot Misses the Net.
16:33 of 2nd period - Slapshot by Adam Ginning.
16:33 of 2nd period - Deflect By Kevin Stenlund.
16:33 of 2nd period - Shot Misses the Net.
16:33 of 2nd period - Puck is out of play.
16:34 of 2nd period - Nicolas Petan wins face-off versus Dominic Toninato in Tucson Roadrunners zone.
16:59 of 2nd period - Brad Lambert is hit by Mark Jankowski.
17:43 of 2nd period - Backhand shot by Johnathan Kovacevic.
17:43 of 2nd period - Deflect By Andre Lee.
17:43 of 2nd period - Stopped by Laurent Brossoit with a rebound.
17:53 of 2nd period - Ronan Seeley is hit by Declan Chisholm and loses puck.
18:13 of 2nd period - Off-side.
18:14 of 2nd period - Tristen Nielsen wins face-off versus Mark Jankowski in neutral zone.
18:25 of 2nd period - Slapshot by Tristen Nielsen.
18:25 of 2nd period - Shot Misses the Net.
18:37 of 2nd period - Dominic Toninato is hit by Nicolas Petan and loses puck.
Goals for this period are 0 for Sarnia Sailors vs 1 for Tucson Roadrunners.
Shots for this period are 12 for Sarnia Sailors vs 13 for Tucson Roadrunners.
3rd period
0:01 of 3rd period - Mark Jankowski wins face-off versus Kevin Stenlund in neutral zone.
0:04 of 3rd period - Kevin Stenlund is hit by William Carrier and loses puck.
0:27 of 3rd period - Nick Seeler is hit by Jesse Puljujarvi and loses puck.
0:52 of 3rd period - Snap shot by Nick Seeler.
0:52 of 3rd period - Stopped by Laurent Brossoit with a rebound.
0:54 of 3rd period - Slapshot by Mikhail Maltsev.
0:54 of 3rd period - Stopped by Laurent Brossoit without a rebound.
0:55 of 3rd period - Alex Belzile wins face-off versus Kevin Stenlund in Sarnia Sailors zone.
1:29 of 3rd period - Wrist shot by Jesse Puljujarvi.
1:29 of 3rd period - Stopped by Jaroslav Halak without a rebound.
1:30 of 3rd period - Mark Jankowski wins face-off versus Kevin Stenlund in Tucson Roadrunners zone.
1:34 of 3rd period - Off-side.
1:35 of 3rd period - Mark Jankowski wins face-off versus Kevin Stenlund in neutral zone.
1:42 of 3rd period - Wrist shot by Matt Nieto.
1:42 of 3rd period - Shot Misses the Net.
2:56 of 3rd period - Wrist shot by Fabian Lysell.
2:56 of 3rd period - Stopped by Laurent Brossoit without a rebound.
2:57 of 3rd period - Mark Jankowski wins face-off versus Tristen Nielsen in Sarnia Sailors zone.
3:22 of 3rd period - Anthony Richard is hit by Keegan Kolesar and loses puck.
3:29 of 3rd period - Snap shot by Kevin Stenlund.
3:29 of 3rd period - Goal by Kevin Stenlund - Sarnia Sailors : 1 - Tucson Roadrunners : 1.
3:30 of 3rd period - Mark Jankowski wins face-off versus Vasily Podkolzin in neutral zone.
3:55 of 3rd period - Jesse Puljujarvi is hit by Nicolas Petan and loses puck.
4:04 of 3rd period - Logan Shaw is hit by Jack Rathbone and loses puck.
4:34 of 3rd period - Wrist shot by Laurent Dauphin.
4:34 of 3rd period - Stopped by Jaroslav Halak with a rebound.
4:36 of 3rd period - Snap shot by Laurent Dauphin.
4:36 of 3rd period - Shot Blocked by Nick Seeler.
4:38 of 3rd period - Wrist shot by Brad Lambert.
4:38 of 3rd period - Shot Blocked by Benjamin Jones.
4:40 of 3rd period - Slapshot by Laurent Dauphin.
4:40 of 3rd period - Shot Misses the Net.
4:42 of 3rd period - Slapshot by Zach Uens.
4:42 of 3rd period - Shot Blocked by Benjamin Jones.
4:44 of 3rd period - Snap shot by Jamie Drysdale.
4:44 of 3rd period - Shot Blocked by Radim Simek.
4:56 of 3rd period - Wrist shot by Matt Nieto.
4:56 of 3rd period - Shot Misses the Net.
5:02 of 3rd period - Wrist shot by William Carrier.
5:02 of 3rd period - Goal by William Carrier - Sarnia Sailors : 1 - Tucson Roadrunners : 2.
5:03 of 3rd period - Mark Jankowski wins face-off versus Kevin Stenlund in neutral zone.
5:28 of 3rd period - Robert Hagg is hit by Jesse Puljujarvi.
5:47 of 3rd period - Off-side.
5:48 of 3rd period - Alex Belzile wins face-off versus Dominic Toninato in neutral zone.
5:50 of 3rd period - Adam Ginning beats up Nick Seeler.
5:50 of 3rd period - Penalty to Nick Seeler for Fighting.
5:50 of 3rd period - Penalty to Adam Ginning for Fighting.
5:51 of 3rd period - Kevin Stenlund wins face-off versus Mark Jankowski in Sarnia Sailors zone.
5:51 of 3rd period - Kevin Stenlund is hit by Robert Hagg.
6:07 of 3rd period - Snap shot by William Carrier.
6:07 of 3rd period - Stopped by Laurent Brossoit without a rebound.
6:08 of 3rd period - Nicolas Petan wins face-off versus Tristen Nielsen in Sarnia Sailors zone.
6:17 of 3rd period - Snap shot by Logan Shaw.
6:17 of 3rd period - Stopped by Laurent Brossoit with a rebound.
6:23 of 3rd period - Snap shot by Adam Erne.
6:23 of 3rd period - Stopped by Jaroslav Halak without a rebound.
6:24 of 3rd period - Kevin Stenlund wins face-off versus William Carrier in Tucson Roadrunners zone.
6:26 of 3rd period - William Carrier and Keegan Kolesar fight to a draw.
6:26 of 3rd period - Penalty to William Carrier for Fighting.
6:26 of 3rd period - Penalty to Keegan Kolesar for Fighting.
6:26 of 3rd period - Penalty to Keegan Kolesar for instigated a fight.
6:26 of 3rd period - Penalty to Keegan Kolesar for instigated a fight.
6:27 of 3rd period - Nicolas Petan wins face-off versus Kevin Stenlund in Tucson Roadrunners zone.
6:40 of 3rd period - Snap shot by Logan Shaw.
6:40 of 3rd period - Shot Blocked by Jack Rathbone.
6:42 of 3rd period - Wrist shot by Nicolas Petan.
6:42 of 3rd period - Stopped by Laurent Brossoit with a rebound.
8:24 of 3rd period - Jamie Drysdale is hit by Matt Nieto and loses puck.
8:26 of 3rd period - Penalty to Keegan Kolesar is over, Brad Lambert is send on ice.
8:35 of 3rd period - Slapshot by Jamie Drysdale.
8:35 of 3rd period - Shot Misses the Net.
8:55 of 3rd period - Wrist shot by Mikhail Maltsev.
8:55 of 3rd period - Shot Misses the Net.
9:11 of 3rd period - Nicolas Petan is hit by Brad Lambert and loses puck.
9:58 of 3rd period - Laurent Dauphin is hit by Robert Hagg.
10:23 of 3rd period - Samuel Knazko is hit by Tristen Nielsen.
11:15 of 3rd period - Andre Lee is hit by Brad Lambert and loses puck.
11:40 of 3rd period - Adam Ginning is hit by Alex Belzile.
12:46 of 3rd period - Kevin Stenlund is hit by Anthony Richard and loses puck.
13:05 of 3rd period - Laurent Dauphin is hit by Samuel Knazko and loses puck.
13:18 of 3rd period - Jack Rathbone is hit by Fabian Lysell and loses puck.
13:31 of 3rd period - Robert Hagg is hit by Jamie Drysdale and loses puck.
14:04 of 3rd period - Tristen Nielsen is hit by Mikhail Maltsev and loses puck.
14:27 of 3rd period - Zach Uens is hit by Johnathan Kovacevic and loses puck.
15:17 of 3rd period - Wrist shot by Jesse Puljujarvi.
15:17 of 3rd period - Shot Blocked by Robert Hagg.
15:29 of 3rd period - Snap shot by William Carrier.
15:29 of 3rd period - Stopped by Laurent Brossoit with a rebound.
15:58 of 3rd period - Icing by Vasily Podkolzin.
15:59 of 3rd period - Kevin Stenlund wins face-off versus Alex Belzile in Sarnia Sailors zone.
17:14 of 3rd period - Adam Ginning is hit by Logan Shaw and loses puck.
17:40 of 3rd period - Jamie Drysdale is hit by Nicolas Petan and loses puck.
17:55 of 3rd period - Slapshot by Laurent Dauphin.
17:55 of 3rd period - Shot Misses the Net.
18:29 of 3rd period - Snap shot by Nicolas Petan.
18:29 of 3rd period - Stopped by Laurent Brossoit with a rebound.
18:33 of 3rd period - Backhand shot by Logan Shaw.
18:33 of 3rd period - Stopped by Laurent Brossoit with a rebound.
18:45 of 3rd period - Snap shot by Nicolas Petan.
18:45 of 3rd period - Stopped by Laurent Brossoit with a rebound.
19:03 of 3rd period - Wrist shot by Nicolas Petan.
19:03 of 3rd period - Shot Misses the Net.
19:05 of 3rd period - Wrist shot by Nicolas Petan.
19:05 of 3rd period - Stopped by Laurent Brossoit without a rebound.
19:06 of 3rd period - Gord Dineen call a timeout for Sarnia Sailors.
19:06 of 3rd period - Mark Jankowski wins face-off versus Tristen Nielsen in Sarnia Sailors zone.
19:13 of 3rd period - Slapshot by Matt Nieto.
19:13 of 3rd period - Stopped by Laurent Brossoit with a rebound.
19:15 of 3rd period - Snap shot by Matt Nieto.
19:15 of 3rd period - Goal by Matt Nieto - Sarnia Sailors : 1 - Tucson Roadrunners : 3.
19:16 of 3rd period - Alex Belzile wins face-off versus Lucas Edmonds in neutral zone.
19:44 of 3rd period - Slapshot by Jack Rathbone.
19:44 of 3rd period - Deflect By Dominic Toninato.
19:44 of 3rd period - Shot Misses the Net.
19:44 of 3rd period - Puck is out of play.
19:45 of 3rd period - Tristen Nielsen wins face-off versus Alex Belzile in Tucson Roadrunners zone.
19:50 of 3rd period - Snap shot by Adam Erne.
19:50 of 3rd period - Shot Blocked by Radim Simek.
Goals for this period are 1 for Sarnia Sailors vs 2 for Tucson Roadrunners.
Shots for this period are 4 for Sarnia Sailors vs 14 for Tucson Roadrunners.
Back to the Top